 Dungeon Crawl Stone Soup version 0.23.2-33-g5129a83184 (webtiles) character file.

Game seed: 13052884805024029956

355 Acheron the Skirmisher (level 6, 0/48 HPs)
             Began as a Human Abyssal Knight on July 16, 2019.
             Was a Priest of Lugonu.
             Slain by a jackal (2 damage)
             ... on level 6 of the Dungeon.
             The game lasted 00:19:39 (3660 turns).

Acheron the Skirmisher (Human Abyssal Knight)       Turns: 3660, Time: 00:19:40

Health: 0/48       AC:  9    Str: 13    XL:     6   Next: 95%
Magic:  8/8        EV: 10    Int: 13    God:    Lugonu [***...]
Gold:   163        SH:  0    Dex: 13    Spells: 7/7 levels left

rFire    . . .     SeeInvis .   a - +1 hand axe
rCold    . . .     Gourm    .   (no shield)
rNeg     . . .     Faith    .   j - +0 scale mail
rPois    .         Spirit   .   s - +0 helmet
rElec    .         Reflect  .   w - +0 cloak
rCorr    .         Harm     .   (no gloves)
MR       .....                  (no boots)
Stlth    ..........             (no amulet)
HPRegen  0.16/turn              (no ring)
MPRegen  0.11/turn              (no ring)

@: no status effects
A: no striking features
a: Depart the Abyss, Bend Space, Banish, Renounce Religion


You were on level 6 of the Dungeon.
You worshipped Lugonu.
Lugonu was most pleased with you.
You were not hungry.

You visited 1 branch of the dungeon, and saw 7 of its levels.
You visited the Abyss 1 time.
You also visited: Sewer.

You collected 163 gold pieces.

Inventory:

Hand Weapons
 a - a +1 hand axe (weapon)
 f - a +0 short sword
 m - a +0 blowgun
 o - a +0 short sword
 r - a +0 hunting sling
Missiles
 d - 62 stones (quivered)
 v - 43 poisoned needles
Armour
 j - a +0 scale mail (worn)
 l - a +0 troll leather armour
 s - a +0 helmet (worn)
 w - a +0 cloak (worn)
 A - +0 ice dragon scales
Magical Staves
 n - an uncursed staff of summoning {unknown}
Jewellery
 u - an uncursed ring of flight
Scrolls
 e - a scroll of enchant armour {unknown}
 i - 2 scrolls of remove curse
 p - 3 scrolls of teleportation
 y - a scroll of identify
 B - a scroll of amnesia {unknown}
Potions
 g - a potion of cancellation {unknown}
 h - a potion of brilliance
 k - 3 potions of flight
 q - a potion of haste
 t - a potion of ambrosia {unknown}
 z - a potion of heal wounds {unknown}
Comestibles
 b - 2 chunks of flesh
 c - 6 rations


   Skills:
 * Level 3.7 Fighting
 + Level 3.4 Axes
 * Level 1.5 Throwing
 * Level 3.1 Armour
 * Level 2.3 Dodging
 * Level 1.7 Stealth
 * Level 1.4 Spellcasting
 * Level 3.1 Invocations
 * Level 0.2 Evocations


You had 7 spell levels left.
You didn't know any spells.
Your spell library was empty.

Dungeon Overview and Level Annotations

Branches:
Dungeon (7/15)
 Temple: D:4-7

Altars:
Ru
Sif Muna
Vehumet

Annotations:
D:6 exclusion: downstairs


Message History

You hit the gnoll but do no damage.
The gnoll is heavily wounded.
The gnoll hits you with a +0 club.
* * * LOW HITPOINT WARNING * * *
As you read the scroll of teleportation, it crumbles to dust.
You feel strangely unstable.
The shadow imp grins evilly.
Your surroundings suddenly seem different.
A jackal comes into view.
The jackal barks!
A jackal comes into view.
The jackal barks!
A jackal comes into view.
The jackal barks!
Found a ration.
Found a scroll of remove curse.
The jackal barely misses you.
Found a gluggy blue potion and a ration.
The jackal bites you.
You die...

#....# #..%.#
#....#
#####...#
#......#
#.####h#
##.####h#
..!....h#
##.####@#
....$..........
.#.####.#######
#.# #?# .%# ###


You could see 3 jackals.

Vanquished Creatures
  A big kobold (Sewer)
  A gnoll shaman (D:6)
  A centaur skeleton (D:4)
  Robin (D:2)
  3 gnolls (D:6)
  3 river rats
  6 adders
  2 oozes (D:1)
  An adder skeleton (D:7)
  3 worms
  A dart slug (D:2)
  2 leopard geckos
  2 orcs (D:3)
  A giant cockroach (D:3)
  9 goblins
  11 hobgoblins
  7 jackals
  8 kobolds
  A quokka (D:7)
  A ball python (D:4)
  9 bats
  3 frilled lizards (D:2)
  15 rats
92 creatures vanquished.

Notes
Turn   | Place    | Note
-------+----------+-------------------------------------------
     0 | Abyss:1  | Acheron the Human Abyssal Knight began the quest for the
                  | Orb.
     0 | Abyss:1  | Reached XP level 1. HP: 18/18 MP: 2/2
    89 | Abyss:1  | Noticed an iron imp
    97 | D:1      | Escaped the Abyss
   485 | D:1      | Reached * piety under Lugonu
   498 | D:1      | Reached XP level 2. HP: 16/24 MP: 3/3
   751 | D:2      | Reached XP level 3. HP: 9/29 MP: 4/4
  1352 | D:2      | Reached XP level 4. HP: 29/35 MP: 5/5
  1438 | D:2      | Found a sacrificial altar of Ru.
  1612 | D:3      | Noticed an ogre
  1615 | D:3      | Noticed Robin
  1664 | D:2      | Killed Robin
  2000 | D:1      | Reached ** piety under Lugonu
  2047 | D:1      | Reached skill level 1 in Stealth
  2047 | D:1      | Reached XP level 5. HP: 41/41 MP: 6/6
  2658 | D:3      | Found a radiant altar of Vehumet.
  2836 | D:3      | Found a deep blue altar of Sif Muna.
  2963 | D:4      | Reached skill level 1 in Throwing
  2963 | D:4      | Reached skill level 1 in Spellcasting
  3018 | D:4      | Found a glowing drain.
  3022 | Sewer    | Entered a sewer
  3179 | Sewer    | Noticed a big kobold
  3190 | Sewer    | Reached XP level 6. HP: 43/47 MP: 8/8
  3258 | Sewer    | Found a white marble altar of Elyvilon.
  3413 | D:4      | Reached *** piety under Lugonu
  3465 | D:4      | You fall through a shaft for 2 floors!
  3481 | D:7      | Noticed a troll
  3531 | D:5      | Entered Level 5 of the Dungeon
  3531 | D:5      | Noticed an ogre
  3561 | D:7      | Noticed an ogre
  3651 | D:6      | HP: 1/48 [gnoll/+0 club (5)]
  3660 | D:6      | Slain by a jackal

Skill      XL: |  1  2  3  4  5  6 |
---------------+-------------------+-----
Stealth        | 1 |  1.7
Throwing       | 1 |  1.5
Spellcasting   | 1 |  1.4
Axes           | 3 |  3.4
Dodging        | 2 |  2.3
Armour         | 3 |  3.1
Invocations    | 3 |  3.1
Fighting       | |  3.7
Evocations     | |  0.2

Action                   |  1- 3 |  4- 6 || total
-------------------------+-------+-------++-------
Melee: Hand axe          |    76 |   321 ||   397
Throw: Stone             |       |     4 ||     4
Invok: Depart the Abyss  |     1 |       ||     1
       Bend Space        |       |     1 ||     1
  Use: Scroll            |     2 |     5 ||     7
       Potion            |       |     7 ||     7
 Stab: Sleeping          |     1 |     2 ||     3
  Eat: Ration            |     1 |       ||     1
       Chunk             |       |     6 ||     6
Armor: Leather armour    |     5 |       ||     5
       Ring mail         |    25 |       ||    25
       Troll leather arm |     3 |   117 ||   120
       Skin              |       |     1 ||     1
       Scale mail        |       |    20 ||    20
Dodge: Dodged            |    55 |   208 ||   263
